 Dungeon Crawl Stone Soup version 0.28-a0-724-g66f9036eb4 (webtiles) character file.

Game seed: 7008618429491674630

128 meatgazer the Skirmisher (level 4, -8/38 HPs)
             Began as a Demonspawn Abyssal Knight on Oct 26, 2021.
             Was a Follower of Lugonu.
             Mangled by a neqoxec (12 damage)
             ... on level 1 of the Abyss.
             The game lasted 00:00:41 (282 turns).

meatgazer the Skirmisher (Demonspawn Abyssal Knight) Turns: 282, Time: 00:00:41

Health: -8/38      AC:  3    Str: 13      XL:     4   Next: 86%
Magic:  6/6        EV: 11    Int:  9 (11) God:    Lugonu [*.....]
Gold:   12         SH:  0    Dex: 13      Spells: 3/3 levels left

rFire   . . .      SeeInvis .   a - +1 spear
rCold   . . .      Faith    .   (no shield)
rNeg    . . .      Spirit   .   b - +0 leather armour
rPois   .          Reflect  .   (helmet restricted)
rElec   .          Harm     .   (no cloak)
rCorr   .          Rampage  .   (no gloves)
Will    .....                   (no boots)
Stlth   +.........              (no amulet)
HPRegen 0.12/turn               (no ring)
MPRegen 0.10/turn               (no ring)

@: unable to read
A: claws 1, horns 1, deterioration 1, weak 1, no potion heal 1, inability to
read while threatened
a: Renounce Religion, Depart the Abyss


You were on level 1 of the Abyss.
You worshipped Lugonu.
Lugonu was aware of your devotion.
You visited 0 branches of the dungeon, and saw 0 of its levels.
You visited the Abyss 1 time.

You collected 12 gold pieces.

Inventory:

Hand Weapons
 a - a +1 spear (weapon)
Armour
 b - a +0 leather armour (worn)


   Skills:
 + Level 4.6 Fighting
 + Level 2.3 Polearms
 + Level 2.4 Armour
 + Level 1.0 Dodging
 + Level 3.1 Invocations


You had 3 spell levels left.
You didn't know any spells.
Your spell library was empty.

Dungeon Overview and Level Annotations

Branches:
Dungeon (0/15)

Altars:


Innate Abilities, Weirdness & Mutations

You have sharp fingernails.
You have a pair of small horns on your head.
Your body sometimes deteriorates upon taking damage.
You are weak. (Str -2)
Potions are less effective at restoring your health.
You sometimes lose the ability to read scrolls when taking damage.


Message History

You hit the neqoxec.
You headbutt the neqoxec, but do no damage.
The neqoxec is lightly wounded.
The neqoxec hits you but does no damage.
You closely miss the neqoxec. Your headbutt misses the neqoxec.
The neqoxec is lightly wounded.
The neqoxec misses you.
You closely miss the neqoxec. Your headbutt misses the neqoxec.
The neqoxec is lightly wounded.
The neqoxec gestures at you.
Strange energies course through your body.
You feel weaker.
You hit the neqoxec.
The neqoxec is moderately wounded.
The neqoxec barely misses you.
You hit the neqoxec.
The neqoxec is moderately wounded.
The neqoxec hits you!
Your body deteriorates!
You feel dopey.
You closely miss the neqoxec.
The neqoxec is moderately wounded.
The neqoxec barely misses you.
You hit the neqoxec but do no damage. Your headbutt misses the neqoxec.
The neqoxec is moderately wounded.
The neqoxec hits you.
You feel threatened and lose the ability to read scrolls!
You hit the neqoxec. Your headbutt misses the neqoxec.
The neqoxec is moderately wounded.
The neqoxec hits you!
* * * LOW HITPOINT WARNING * * *
You hit the neqoxec.
The neqoxec is moderately wounded.
The neqoxec hits you.
* * * LOW HITPOINT WARNING * * *
Your body deteriorates!
You feel dopey.
You closely miss the neqoxec.
You headbutt the neqoxec, but do no damage.
The neqoxec is moderately wounded.
The neqoxec hits you!
You die...

.. . . # .##
###.## ?..
#.##.##.. ..
..#...##...
####.3.....##
#...#@# . .
##...∩# . #
#..#..#
###...# ..#.#
# .## ## # .#
# . .. . # #
#. # .


You could see a neqoxec.

Vanquished Creatures
  A neqoxec (Abyss:1)
1 creature vanquished.

Notes
Turn   | Place    | Note
-------+----------+-------------------------------------------
     0 | Abyss:1  | meatgazer the Demonspawn Abyssal Knight began the quest for
                  | the Orb.
     0 | Abyss:1  | Reached XP level 1. HP: 18/18 MP: 2/2
    87 | Abyss:1  | Noticed a neqoxec
   114 | Abyss:1  | Gained mutation: Your body sometimes deteriorates upon
                  | taking damage. [a neqoxec]
   117 | Abyss:1  | Gained mutation: Potions are less effective at restoring
                  | your health. [a neqoxec]
   118 | Abyss:1  | Killed a neqoxec
   119 | Abyss:1  | Reached skill level 4 in Fighting
   119 | Abyss:1  | Reached skill level 1 in Dodging
   119 | Abyss:1  | Discovered your monstrous ancestry.
   119 | Abyss:1  | Gained mutation: You have sharp fingernails. [demonic
                  | ancestry]
   119 | Abyss:1  | Reached XP level 2. HP: 11/26 MP: 2/4
   119 | Abyss:1  | Reached XP level 3. HP: 14/31 MP: 2/5
   119 | Abyss:1  | Gained mutation: You have a pair of small horns on your
                  | head. [demonic ancestry]
   119 | Abyss:1  | Reached XP level 4. HP: 17/38 MP: 2/6
   268 | Abyss:1  | Noticed a neqoxec
   272 | Abyss:1  | Gained mutation: You sometimes lose the ability to read
                  | scrolls when taking damage. [a neqoxec]
   275 | Abyss:1  | Gained mutation: You are weak. (Str -2) [a neqoxec]
   282 | Abyss:1  | Mangled by a neqoxec

Illustrated notes

Levels and vault maps discovered:
Abyss:1:  base: Temple, base:
Temple

Skill      XL: |  1 |
---------------+----+-----
Fighting       | 4 |  4.6
Polearms       | 2 |  2.3
Armour         | 2 |  2.4
Dodging        | 1 |  1.0
Invocations    | 3 |  3.1

Action                   |  1- 3 |  4- 6 || total
-------------------------+-------+-------++-------
Melee: Spear             |     2 |    13 ||    15
       Headbutt          |       |     2 ||     2
  Use: Scroll            |     2 |       ||     2
Armor: Leather armour    |       |     1 ||     1
Dodge: Dodged            |       |     4 ||     4

Table legend: (Time is in decaauts)
 A = Elapsed time spent in this place.
 B = Non-inter-level travel time spent in this place.
 C = Inter-level travel time spent in this place.
 D = Time resting spent in this place.
 E = Time spent auto-exploring this place.
 F = Levels seen in this place.
 G = Mean time per level.
                   A        B        C        D        E       F      G
               +--------+--------+--------+--------+--------+-----+--------+
         Total |    281 |    281 |      0 |    151 |     84 |   1 |  281.0 |
         Abyss |    281 |    281 |      0 |    151 |     84 |   1 |  281.0 |
               +--------+--------+--------+--------+--------+-----+--------+

Top non-repeatable levels by time:
 Abyss:1: 281 daAuts
